 Dungeon Crawl Stone Soup version 0.27.1-35-g4d5d836560 (webtiles) character file.

Game seed: 7092559930468007990

163 Delamore the Sneak (level 5, 0/34 HPs)
             Began as an Octopode Brigand on May 16, 2022.
             Slain by Purgy (2 damage)
             ... in a sewer.
             The game lasted 00:02:38 (1687 turns).

Delamore the Sneak (Octopode Brigand)               Turns: 1687, Time: 00:02:38

Health: 0/34       AC:  1    Str: 10    XL:     5   Next: 44%
Magic:  5/5        EV: 12    Int: 14    God:
Gold:   87         SH:  0    Dex: 14    Spells: 4/4 levels left

rFire    . . .     SeeInvis .   a - +2 dagger
rCold    + . .     Faith    .   (no shield)
rNeg     + . .     Spirit   .   (helmet restricted)
rPois    .         Reflect  .   (no amulet)
rElec    .         Harm     .   f - ring of positive energy
rCorr    .         Rampage  .   j - ring of protection from cold
Will     .....                  (no ring)
Stlth    +++++.....             (no ring)
HPRegen  0.11/turn              (no ring)
MPRegen  0.09/turn              (no ring)
                                (no ring)
                                (no ring)

@: no status effects
A: almost no armour, amphibious, 8 rings, camouflage 1, gelatinous body 1,
nimble swimmer 1, tentacles
a: no special abilities


You were in a sewer.
You visited 1 branch of the dungeon, and saw 3 of its levels.
You also visited: Sewer.

You collected 87 gold pieces.

Inventory:

Hand Weapons
 a - a +2 dagger (weapon)
Missiles
 b - 2 poisoned darts (quivered)
Jewellery
 f - a ring of positive energy (left tentacle)
 j - a ring of protection from cold (right tentacle)
Scrolls
 d - a scroll of enchant armour {unknown}
 g - a scroll of fog {unknown}
 h - a scroll of identify {unknown}
 i - a scroll of acquirement {unknown}
 k - a scroll of fear {unknown}
 l - 2 scrolls of teleportation {unknown}
 m - a scroll of blinking {unknown}
Potions
 c - a potion of haste {unknown}
 e - a potion of lignification {unknown}
 n - a potion of might {unknown}


   Skills:
 - Level 2.0 Fighting
 * Level 4.6 Short Blades
 + Level 3.4 Throwing
 - Level 1.0 Dodging
 - Level 5.3 Stealth


You had 4 spell levels left.
You didn't know any spells.
Your spell library was empty.

Dungeon Overview and Level Annotations

Branches:
Dungeon (3/15)              Sewer (1/1)

Altars:

Shops:
D:1 [

Annotations:
Sewer Purgy


Innate Abilities, Weirdness & Mutations

You cannot wear most types of armour.
You are amphibious.
You can wear up to eight rings at the same time.
Your skin changes colour to match your surroundings (Stealth+).
Your rubbery body absorbs attacks. (AC +1, EV +1)
You are camouflaged near water. (Stealth+)
You have tentacles for arms and can constrict up to eight enemies at once.


Message History

You throw a poisoned dart. The poisoned dart hits Purgy!
Purgy looks as sick as possible!
Purgy is severely wounded.
You hear a splash.
Throw: 5 darts (poison)
Press: ? - help, Q - select action Shift-Dir - straight line, f/p - Purgy
Aim: Purgy (severely wounded, extremely poisoned, 53% to hit)
You throw a poisoned dart. The poisoned dart hits Purgy.
Purgy looks as sick as possible!
Purgy is severely wounded.
You hear a splash.
Really attack while wielding nothing? [Y]es or [N]o only, please.
Really attack while wielding nothing? [Y]es or [N]o only, please.
Really attack while wielding nothing?
Okay, then.
a - a +2 dagger (weapon)
Throw: 4 darts (poison)
Press: ? - help, Q - select action Shift-Dir - straight line, f/p - Purgy
Aim: Purgy (almost dead, extremely poisoned, 53% to hit)
You throw a poisoned dart. The poisoned dart closely misses Purgy.
Throw: 3 darts (poison)
Press: ? - help, Q - select action Shift-Dir - straight line, f/p - Purgy
Aim: Purgy (almost dead, very poisoned, 53% to hit)
You throw a poisoned dart. The poisoned dart closely misses Purgy.
You hear a splash.
You hit Purgy.
Purgy is almost dead.
Purgy bites you!
* * * LOW HITPOINT WARNING * * *
Purgy barely misses you. Purgy claws you.
* * * LOW HITPOINT WARNING * * *
You hit Purgy.
Purgy is almost dead.
Purgy snarls, "My home!
Leave!"
Purgy bites you.
* * * LOW HITPOINT WARNING * * *
Purgy claws you.
You die...

####.≈≈≈.####
####.≈((.####
#.†'(.(....∩#
####.(≈((####
#.≈≈≈.####
+.≈≈≈.(.(#
#.≈≈(.####
####.≈≈T.####
#..'.≈≈@.'.(#
####.≈≈≈.####
####.≈≈≈.####
#[.†.≈≈≈.)..#
#############
#≈≈≈# #≈≈≈#
#≈≈≈# #≈≈≈#


You could see Purgy (very poisoned).

Vanquished Creatures
  2 orc priests (D:3)
  An orc wizard (D:3)
  3 adders
  A river rat (D:3)
  A worm (D:3)
  2 orcs (D:3)
  4 ball pythons (D:1)
  4 endoplasms
  A giant cockroach (D:3)
  4 goblins
  2 hobgoblins
  2 jackals (D:3)
  2 kobolds
  4 quokkas
  2 bats (D:1)
  2 frilled lizards
  4 rats
41 creatures vanquished.

Notes
Turn   | Place    | Note
-------+----------+-------------------------------------------
     0 | D:1      | Delamore the Octopode Brigand began the quest for the Orb.
     0 | D:1      | Reached XP level 1. HP: 14/14 MP: 1/1
   356 | D:1      | Reached XP level 2. HP: 19/19 MP: 2/2
   472 | D:1      | Found Qaweng's Antique Armour Emporium.
   895 | D:2      | Reached XP level 3. HP: 11/24 MP: 3/3
  1193 | D:2      | You fall into a shaft and drop 1 floor!
  1267 | D:3      | Reached XP level 4. HP: 17/29 MP: 4/4
  1278 | D:3      | Reached XP level 5. HP: 8/34 MP: 5/5
  1390 | D:3      | Found a glowing drain.
  1394 | Sewer    | Entered a sewer
  1607 | Sewer    | Noticed Purgy
  1687 | Sewer    | Slain by Purgy

Illustrated notes

Levels and vault maps discovered:
D:1:      dpeg_arrival_more_subterranean_lakeside_camping, layout_loops_ring,
          serial_shops, nicolae_shop_crystal
D:2:      layout_basic, serial_shops, shop,
          shapermc_ecumenical_altar_totnotflames, hangedman_decor_push
D:3:      layout_basic, gup_sewer_entry_spiral, chequers_serial_rivers_micro_b
Sewer:    kennysheep_door_sewer

Skill      XL: |  1  2  3  4 |
---------------+-------------+-----
Short Blades   | 3 4 |  4.6
Throwing       | 3 |  3.4
Fighting       | |  2.0
Dodging        | |  1.0
Stealth        | |  5.3

Action                   |  1- 3 |  4- 6 || total
-------------------------+-------+-------++-------
Melee: Dagger            |    45 |    30 ||    75
       Constrict         |    11 |     4 ||    15
       Tentacles         |     6 |     4 ||    10
Throw: Dart              |     9 |    26 ||    35
 Stab: Sleeping          |    12 |     5 ||    17
Armor: Skin              |     2 |       ||     2
Dodge: Dodged            |    20 |     8 ||    28
